Map: Croisement de Kairos EC

Players

ShaDoWn

  • Race: Protoss Protoss
  • Spawn Location: 5:00

Scarlett - Winner!

  • Race: Zerg Zerg
  • Spawn Location: 11:00

Event: 2019 WCS Summer

VOD

Have the link to the VOD?

Description

Time

  • Played on: July 13, 2019, 9:58 a.m.
  • Length: 11:11

All games in this series

Show
View Real Time Build Order
Export as new Build Order

ShaDoWn Protoss 

Build Orders:  

Get SALT Encoding   

  12  0:00  Probe  
  13  0:12  Probe  
  14  0:17  Pylon  
  14  0:24  Probe  
  15  0:32  Probe  
  15  0:38  Gateway  
  15  0:40  Probe  
  16  0:46  Assimilator  
  17  0:51  Probe  
  18  1:03  Probe  
  19  1:05  Forge  
  19  1:15  Probe  
  20  1:25  Cybernetics Core  
  20  1:27  Probe  
  20  1:28  Pylon  
  21  1:47  Photon Cannon  
  21  1:55  Photon Cannon  
  21  2:07  Robotics Facility  
  21  2:09  Photon Cannon  
  21  2:23  Shield Battery  
  23  2:33  Shield Battery  
  23  2:43  Immortal  
  23  2:45  Shield Battery  
  23  2:52  Photon Cannon  
  25  3:02  Shield Battery  
  25  3:09  Shield Battery  
  25  3:19  Shield Battery  
  25  3:20  Immortal  
  25  3:22  Shield Battery  
  28  3:47  Probe, Pylon  
  29  3:50  Pylon  
  29  3:58  Warp Prism  
  31  4:16  Probe  
  32  4:17  Shield Battery  
  32  4:19  Shield Battery  
  32  4:23  Shield Battery  
  32  4:29  Shield Battery  
  32  4:36  Probe  
  32  4:44  Assimilator, Stargate  
  32  4:48  Probe  
  33  5:00  Probe  
  34  5:18  Probe  
  35  5:25  Pylon  
  35  5:26  Pylon  
  35  5:34  Oracle  
  38  5:57  Probe  
  38  5:58  Nexus  
  38  5:59  Pylon  
  39  6:10  Oracle  
  39  6:13  Probe  
  39  6:16  Warp Gate  
  43  6:25  Probe  
  43  6:27  Pylon  
  43  6:44  Probe  
  43  6:46  Nexus  
  44  6:49  Oracle, Pylon  
  44  6:50  Robotics Facility  
  44  6:56  Probe  
  48  7:08  Probe  
  49  7:20  Probe  
  50  7:32  Probe  
  51  7:39  Observer  
  50  7:44  Probe  
  51  7:53  Robotics Bay  
  51  7:56  Probe  
  52  8:00  Immortal  
  52  8:03  Probe  
  56  8:09  Probe  
  56  8:11  Probe  
  56  8:12  Sentry  
  60  8:16  Gateway  
  60  8:18  Gateway  
  61  8:21  Probe x2  
  61  8:23  Assimilator  
  61  8:24  Assimilator  
  63  8:30  Disruptor  
  66  8:46  Sentry  
  68  8:51  Pylon  
  65  8:56  Disruptor  
  65  8:58  Pylon  
  65  9:02  Pylon  
  61  9:25  Stalker  
  63  9:34  Disruptor  
  60  9:59  Disruptor  
  63  10:20  Nexus  
  64  10:28  Probe  
  60  10:40  Probe  
  61  10:43  Sentry  
  61  10:47  Sentry  
  61  10:48  Stalker  
  67  10:53  Probe  
  68  11:07  Adept  
Show
View Real Time Build Order
Export as new Build Order

Scarlett Zerg - Winner!

Build Orders: Hatch First, Ravager All-In 

Get SALT Encoding   

  12  0:00  Drone  
  13  0:12  Overlord  
  13  0:16  Drone  
  14  0:30  Drone x2  
  14  0:35  Drone  
  17  0:54  Hatchery  
  17  0:56  Drone  
  17  1:00  Drone  
  17  1:02  Extractor  
  17  1:15  Spawning Pool  
  17  1:18  Drone  
  17  1:21  Drone  
  18  1:28  Drone  
  19  1:49  Drone  
  19  1:50  Extractor  
  19  1:51  Drone  
  20  2:00  Drone  
  21  2:02  Queen, Roach Warren  
  22  2:09  Queen  
  22  2:15  Overlord  
  24  2:22  Drone  
  25  2:35  Overlord  
  25  2:39  Queen  
  27  2:45  Roach x2  
  31  2:55  Roach  
  33  3:04  Ravager  
  33  3:05  Ravager, Roach  
  37  3:15  Queen  
  37  3:16  Ravager  
  37  3:18  Roach  
  42  3:26  Ravager  
  42  3:27  Overlord  
  43  3:43  Ravager  
  43  3:46  Roach x2  
  48  3:54  Queen  
  48  4:02  Roach x2  
  52  4:08  Overlord  
  52  4:14  Ravager  
  51  4:23  Ravager  
  47  4:42  Roach x3  
  51  4:47  Queen  
  53  4:59  Drone  
  54  5:00  Overlord  
  54  5:03  Ravager x2  
  54  5:19  Ravager  
  55  5:23  Queen  
  55  5:27  Drone  
  55  5:28  Drone  
  59  5:36  Hatchery  
  59  5:41  Drone x2  
  60  5:49  Drone  
  61  5:50  Drone x3  
  64  5:59  Queen  
  66  6:05  Overlord  
  66  6:10  Overlord  
  63  6:37  Queen  
  53  6:47  Drone x3  
  56  6:55  Drone, Spore Crawler  
  56  6:56  Queen  
  56  6:57  Spore Crawler  
  57  7:06  Drone x2  
  59  7:11  Drone x3  
  59  7:12  Queen  
  64  7:16  Drone x2  
  64  7:18  Metabolic Boost  
  66  7:32  Drone x4  
  66  7:34  Lair  
  70  7:48  Queen  
  70  7:50  Roach x3  
  78  7:55  Overlord x2  
  78  8:04  Roach x3  
  84  8:14  Ravager x3  
  84  8:18  Zergling x14  
  94  8:24  Extractor, Queen  
  94  8:32  Ravager x3  
  94  8:33  Zergling x6  
  100  8:40  Extractor  
  99  8:46  Drone, Overlord  
  99  8:47  Hatchery  
  99  9:01  Overlord  
  99  9:04  Queen x2  
  99  9:09  Spore Crawler  
  101  9:17  Spire  
  88  9:28  Zergling x16  
  95  9:35  Drone x4  
  89  9:50  Drone x7  
  95  9:59  Queen  
  93  10:13  Drone x6  
  93  10:28  Mutalisk x5  
  91  10:36  Spore Crawler  
  91  10:40  Mutalisk x2  
  94  10:46  Mutalisk x2  
Tags
 
Add a new tag
Caveats
  • Supply blocks, unpowered buildings, or Contaminate may cause inaccurate times.
  • Supply counts are checked every 10 seconds.